 Dungeon Sprint DCSS version 0.20.1-1-g8b1a95d (webtiles) character file.

26019 potatolord6000 the Severer (level 13, -6/136 HPs)
             Began as a Hill Orc Fighter on Sept 7, 2017.
             Was the Champion of Beogh.
             Shot with a bolt by a naga sharpshooter (20 damage)
             ... in the Dungeon (Sprint IX: "|||||||||||||||||||||||||||||").
             The game lasted 00:14:36 (2911 turns).

potatolord6000 the Severer (Hill Orc Fighter)       Turns: 2911, Time: 00:14:37

Health: -6/136     AC: 29    Str: 24    XL:     13   Next: 23%
Magic:  25/25      EV: 11    Int: 11    God:    Beogh [******]
Gold:   748        SH:  0    Dex: 10    Spells: 12/12 levels left

rFire    . . .     SeeInvis .   w - +9 battleaxe (flame)
rCold    . . .     Gourm    .   (shield currently unavailable)
rNeg     . . .     Faith    .   a - +7 chain mail
rPois    .         Spirit   .   u - +0 helmet
rElec    .         Reflect  .   r - +1 cloak
rCorr    .         Harm     .   s - +0 pair of gloves
MR       .....     NoTele   +   n - +0 pair of boots
Stlth    ..........             (no amulet)
Regen    0.4/turn               p - +2 ring of evasion
MPRegen  0.2/turn               b - +3 ring of intelligence

@: lethally poisoned (-6 -> -6), slowed, very slow
A: walk on water
a: Smiting, Recall Orcish Followers, Give Item to Named Follower, Resurrection,
Renounce Religion


You were in the Dungeon.
You worshipped Beogh.
Beogh was exalted by your worship.
You were not hungry.

You visited 1 branch You collected 1883 gold pieces.
You spent 1135 gold pieces at shops.

Inventory:

Hand Weapons
 m - the +1 broad axe of Renil {venom, +Rage rPois Stlth-}
   (You found it in the Dungeon)

   It poisons the flesh of those it strikes.
   It protects you from poison.
   It lets you go berserk.
   It makes you less stealthy.
 w - a +9 battleaxe of flaming (weapon)
Armour
 a - a +7 chain mail (worn)
 n - a +0 pair of boots (worn)
 r - a +1 cloak (worn)
 s - a +0 pair of gloves (worn)
 u - a +0 helmet (worn)
Jewellery
 b - a +3 ring of intelligence (right hand)
 p - a +2 ring of evasion (left hand)
Scrolls
 c - a scroll of identify
 h - 5 scrolls of remove curse
 k - a scroll of blinking
 l - 2 scrolls of amnesia
 t - a scroll of fear
 x - a scroll of enchant weapon
Potions
 e - 7 potions of curing
 f - 3 potions of haste
 i - 4 potions of magic
 j - a potion of berserk rage
 o - a potion of agility
 v - a potion of brilliance {unknown}
Comestibles
 d - 40 fruits
 g - 12 bread rations
 q - 10 meat rations


   Skills:
 + Level 18.4 Fighting
 + Level 18.7(19.1) Axes
   Level 5.9(12.2) Polearms
 + Level 17.2 Armour
   Level 15.5 Shields
 + Level 17.7 Invocations


You had 12 spell levels left.
You didn't know any spells.

Dungeon Overview and Level Annotations

Branches:
Dungeon (1/1)

Altars:
Cheibriados
Dithmenos
Elyvilon
Fedhas
Gozag
Hepliaklqana
Kikubaaqudgha
Makhleb
Nemelex Xobeh
Okawaru
Qazlal
Ru
Sif Muna
Trog
Uskayaw
Vehumet
Xom
Yredelemnul
Zin
The Shining One
Beogh
Jiyva
Lugonu

Shops:
D %?(}


Message History

The naga sharpshooter casts a spell.
The naga sharpshooter magically shoots a bolt.
The bolt hits you.
* * * LOW HITPOINT WARNING * * *
You slice the anaconda!! You burn the anaconda.
The anaconda is almost dead.
The anaconda bites you but does no damage.
The anaconda constricts you.
The anaconda bites you but does no damage.
The anaconda constricts you.
The anaconda bites you but does no damage.
The anaconda constricts you.
You slash the anaconda! You burn the anaconda.
You kill the anaconda!
Beogh accepts your kill.
You feel sick.
The naga sharpshooter shoots a bolt.
The bolt hits you!
* * * LOW HITPOINT WARNING * * *
Unknown command.
The naga sharpshooter shoots a bolt.
The bolt hits you!!
You die...

▓.▓.▓'▓.▓.▓.▓.▓.▓.
▓.▓.▓.▓.▓.▓.▓.▓.▓)
▓.▓.▓.▓.▓.▓.▓.▓.▓.
▓.▓.▓.▓.▓.▓.▓.▓.▓.
▓.▓.▓.▓.▓'▓.▓)▓.▓.
▓.▓.▓=▓.▓.▓.▓.▓.▓.
▓o▓.▓)▓.▓.▓.▓.▓.▓.
▓p▓.▓)▓.▓.▓.▓.▓.▓'
▓@▓.▓)▓.▓.▓.▓.▓.▓_
▓N▓.▓)▓.▓o▓.▓.▓.▓_
▓S▓.▓)▓.▓o▓.▓.▓.▓_
▓S▓.▓)▓.▓.▓.▓.▓.▓_
▓S▓.▓o▓.▓)▓.▓÷▓.▓_
▓S▓.▓o▓.▓o▓.▓.▓.▓_
▓.▓.▓.▓.▓o▓)▓.▓.▓_
▓.▓.▓o▓.▓o▓.▓.▓.▓_
▓.▓[▓.▓o▓.▓.▓.▓_


You could see a naga sharpshooter, 2 mana vipers, a guardian serpent, a black
mamba, a neutral human (wandering) and a friendly orc knight.

Vanquished Creatures
  Kirke (D)
  A fire giant (D)
  Josephine (D)
  An ogre mage (D)
  2 hydras (D)
  A naga warrior (D)
  Erica (D)
  2 tengu warriors (D)
  An anaconda (D)
  7 death yaks (D)
  2 orc high priests (D)
  A shock serpent (D)
  2 unseen horrors (D)
  A necromancer (D)
  A deep elf mage (D)
  6 orc knights (D)
  A salamander (D)
  A mana viper (shapeshifter) (D)
  A manticore (D)
  Joseph (D)
  3 spiny frogs (D)
  A yaktaur (D)
  2 komodo dragons (D)
  A polar bear (D)
  3 hippogriffs (D)
  A yak (D)
  5 wraiths (D)
  3 basilisks (D)
  2 hogs (D)
  A vampire mosquito (D)
  Grum (D)
  A hungry ghost (D)
  2 soldier ants (shapeshifter) (D)
  2 water moccasins (D)
  A floating eye (shapeshifter) (D)
  A porcupine (D)
  2 orc warriors (D)
  An ogre (D)
  2 wolves (D)
  A centaur (D)
  A crocodile (D)
  A big kobold (D)
  A bullfrog (D)
  A hound (D)
  A quasit (D)
  A jelly (D)
  2 orc priests (D)
  2 iguanas (D)
  An orc wizard (D)
  An adder (D)
  A shadow imp (D)
  An ooze (D)
  A dart slug (D)
  A giant cockroach (D)
  A hobgoblin (D)
  A jackal skeleton (D)
  2 kobolds (D)
91 creatures vanquished.

Vanquished Creatures (collateral kills)
  An orc high priest (D)
  2 orc warriors (D)
  An orc wizard (D)
4 creatures vanquished.

Vanquished Creatures (others)
  A vampire mage (D)
  2 orc high priests (D)
  An orc knight (D)
  5 orc warriors (D)
  4 orc priests (D)
  3 orc wizards (D)
  6 orcs (D)
22 creatures vanquished.

Grand Total: 117 creatures vanquished

Notes
Turn   | Place    | Note
-------+----------+-------------------------------------------
     0 | D        | potatolord6000 the Hill Orc Fighter began the quest for the Orb.
     0 | D        | Reached XP level 1. HP: 19/19 MP: 1/1
    18 | D        | Reached XP level 2. HP: 28/28 MP: 2/2
    26 | D        | Noticed an ogre
    30 | D        | Reached skill level 5 in Fighting
    30 | D        | Reached XP level 3. HP: 30/36 MP: 3/3
    37 | D        | Killed an ogre
    37 | D        | Reached skill level 5 in Polearms
    37 | D        | Reached XP level 4. HP: 45/45 MP: 4/4
    37 | D        | Reached XP level 5. HP: 51/51 MP: 5/5
    46 | D        | Found a roughly hewn altar of Beogh.
    46 | D        | Found a snail-covered altar of Cheibriados.
    46 | D        | Found a shadowy altar of Dithmenos.
    46 | D        | Found a white marble altar of Elyvilon.
    46 | D        | Found a blossoming altar of Fedhas.
    46 | D        | Found an opulent altar of Gozag.
    47 | D        | Found a hazy altar of Hepliaklqana.
    48 | D        | Found a viscous altar of Jiyva.
    49 | D        | Became a worshipper of Beogh the Brigand
    50 | D        | Found an ancient bone altar of Kikubaaqudgha.
    51 | D        | Found a corrupted altar of Lugonu.
    52 | D        | Found a burning altar of Makhleb.
    53 | D        | Found a sparkling altar of Nemelex Xobeh.
    54 | D        | Found an iron altar of Okawaru.
    55 | D        | Found a stormy altar of Qazlal.
    56 | D        | Found a sacrificial altar of Ru.
    57 | D        | Found a deep blue altar of Sif Muna.
    58 | D        | Found a bloodstained altar of Trog.
    59 | D        | Found a hide-covered altar of Uskayaw.
    60 | D        | Found a radiant altar of Vehumet.
    62 | D        | Found a shimmering altar of Xom.
    63 | D        | Found a basalt altar of Yredelemnul.
    64 | D        | Found a glowing silver altar of Zin.
    65 | D        | Found a glowing golden altar of the Shining One.
    85 | D        | Got the +1 broad axe of Renil {venom, +Rage rPois Stlth-}
   121 | D        | Noticed a centaur
   121 | D        | Noticed a big kobold
   121 | D        | Noticed an orc warrior
   134 | D        | Killed a centaur
   134 | D        | Reached XP level 6. HP: 47/61 MP: 6/6
   140 | D        | Reached * piety under Beogh
   140 | D        | Reached skill level 5 in Axes
   144 | D        | Killed an orc warrior
   149 | D        | Reached XP level 7. HP: 46/70 MP: 7/7
   150 | D        | Reached ** piety under Beogh
   159 | D        | Noticed a hungry ghost
   161 | D        | Reached skill level 1 in Invocations
   175 | D        | Killed a hungry ghost
   187 | D        | Killed an unseen horror
   187 | D        | Reached skill level 10 in Fighting
   187 | D        | Reached skill level 10 in Armour
   187 | D        | Reached skill level 10 in Shields
   187 | D        | Reached skill level 5 in Invocations
   187 | D        | Reached XP level 8. HP: 61/81 MP: 3/12
   196 | D        | Reached *** piety under Beogh
   207 | D        | Killed an unseen horror
   207 | D        | Reached skill level 10 in Axes
   207 | D        | Reached XP level 9. HP: 60/89 MP: 6/14
   437 | D        | Noticed a four-headed hydra
   437 | D        | Noticed a komodo dragon
   441 | D        | Killed a four-headed hydra
   442 | D        | Noticed a spiny frog
   460 | D        | Reached **** piety under Beogh
   468 | D        | Killed a komodo dragon
   468 | D        | Reached skill level 10 in Invocations
   482 | D        | Killed a spiny frog
   482 | D        | Reached XP level 10. HP: 57/100 MP: 8/17
   727 | D        | Noticed a seven-headed hydra
   731 | D        | Killed a seven-headed hydra
   732 | D        | Noticed a spiny frog
   742 | D        | Noticed a spiny frog
   754 | D        | Reached ***** piety under Beogh
   782 | D        | Killed a spiny frog
   792 | D        | Killed a spiny frog
  1034 | D        | Noticed a death yak
  1034 | D        | Noticed a death yak
  1034 | D        | Noticed a death yak
  1034 | D        | Noticed a death yak
  1034 | D        | Noticed a death yak
  1045 | D        | Noticed a death yak
  1050 | D        | Killed a death yak
  1050 | D        | Reached XP level 11. HP: 99/111 MP: 20/20
  1059 | D        | Killed a death yak
  1060 | D        | Noticed a death yak
  1072 | D        | Killed a death yak
  1082 | D        | Killed a death yak
  1096 | D        | Killed a death yak
  1096 | D        | Reached skill level 15 in Fighting
  1104 | D        | Killed a death yak
  1104 | D        | Reached ****** piety under Beogh
  1109 | D        | Killed a death yak
  1109 | D        | Reached skill level 15 in Axes
  1357 | D        | Noticed Erica
  1369 | D        | Killed Erica
  1374 | D        | Noticed Joseph
  1388 | D        | Killed Joseph
  1620 | D        | Noticed Josephine
  1635 | D        | Killed Josephine
  1693 | D        | Noticed an orc knight
  1803 | D        | Noticed an orc knight
  1803 | D        | Noticed an orc knight
  1803 | D        | Noticed an orc high priest
  1812 | D        | Killed an orc knight
  1812 | D        | Reached XP level 12. HP: 122/122 MP: 21/23
  1812 | D        | Gained Syrus as an ally
  1817 | D        | Reached skill level 15 in Shields
  1817 | D        | Killed an orc high priest
  1817 | D        | Reached skill level 15 in Armour
  1877 | D        | Found Coesa's Food Emporium.
  1877 | D        | Noticed an orc high priest
  1877 | D        | Noticed an orc high priest
  1877 | D        | Noticed an orc high priest
  1880 | D        | Noticed a soul eater
  1883 | D        | Killed an orc high priest
  1883 | D        | Reached skill level 15 in Invocations
  1893 | D        | Found Malogam's Magic Scroll Shoppe.
  1919 | D        | Found Soun's Weapon Emporium.
  1923 | D        | Found Wikliman's Gadget Shoppe.
  1925 | D        | Noticed an orc high priest
  1935 | D        | Killed an orc high priest
  2002 | D        | Bought a +3 battleaxe of flaming for 373 gold pieces
  2011 | D        | Bought a scroll of identify for 24 gold pieces
  2011 | D        | Bought a scroll of identify for 24 gold pieces
  2011 | D        | Bought a scroll of enchant armour for 90 gold pieces
  2011 | D        | Bought a scroll of acquirement for 624 gold pieces
  2019 | D        | Got a translucent granite ring
  2026 | D        | Identified the ring "Likhlioghi" {rCorr rF+ Int+2 Dex+5 Slay-5} (You acquired it in the Dungeon)
  2216 | D        | Noticed Grum
  2220 | D        | Killed Grum
  2360 | D        | Noticed a tengu warrior
  2360 | D        | Noticed a tengu warrior
  2363 | D        | Killed a tengu warrior
  2371 | D        | Noticed an ogre mage
  2375 | D        | Noticed a vampire mage
  2376 | D        | Killed a tengu warrior
  2378 | D        | Paralysed by a floating eye for 4 turns
  2387 | D        | Killed an ogre mage
  2392 | D        | Killed a vampire mage
  2398 | D        | Noticed a fire giant
  2424 | D        | Your ally Syrus died
  2434 | D        | Killed a fire giant
  2821 | D        | Noticed Kirke
  2837 | D        | Killed Kirke
  2837 | D        | Reached XP level 13. HP: 113/134 MP: 25/25
  2911 | D        | Shot with a bolt by a naga sharpshooter

Skill      XL: |  1  2  3  4  5  6  7  8  9 10 11 12 13 |
---------------+----------------------------------------+-----
Fighting       | 4 5 6 8 9 10 11 12 14 16 18 | 18.4
Polearms       | 3 4 5 |  5.9
Armour         | 4 6 7 8 10 12 13 14 16 17 | 17.2
Shields        | 4 6 7 8 10 12 13 14 15 | 15.5
Axes           | 4 6 9 10 12 13 15 18 | 18.7
Invocations    | 5 7 10 12 14 17 | 17.7

Action                   |  1- 3 |  4- 6 |  7- 9 | 10-12 | 13-15 || total
-------------------------+-------+-------+-------+-------+-------++-------
Melee: Trident           |    24 |     2 |       |       |       ||    26
       Broad axe         |       |    27 |    81 |   248 |       ||   356
       Battleaxe         |       |       |       |    38 |    18 ||    56
       Unarmed           |       |       |       |     9 |       ||     9
Invok: Smiting           |       |       |     6 |    11 |       ||    17
       Resurrection      |       |       |       |     3 |       ||     3
 Abil: Evoke Berserk Rag |       |       |       |     1 |       ||     1
  Use: Potion            |     3 |       |     4 |     3 |       ||    10
       Scroll            |       |       |     2 |    14 |       ||    16
 Stab: Invisible         |       |       |       |    13 |       ||    13
  Eat: Bread ration      |       |       |     1 |       |       ||     1
       Meat ration       |       |       |       |     2 |       ||     2
Armor: Scale mail        |     4 |       |       |       |       ||     4
       Chain mail        |       |     8 |    37 |    81 |    19 ||   145
Dodge: Dodged            |     3 |    12 |    14 |    47 |     9 ||    85
Block: Shield            |     4 |    21 |    49 |    90 |       ||   164
